EL
COLUMBIA FIREFLIES @ READING FIGHTIN PHILS
08/31/2046
 
TOP OF THE 1ST
Columbia Fireflies batting - Pitching for Reading Fightin Phils : LHP Eddie San Miguel
Pitching: LHP Eddie San Miguel
Batting: RHB Zhao-ying Joe 0-0: Ball
1-0: Bunt for hit to 13 - play at first, batter OUT! 1-3
Batting: SHB Callum Lynch 0-0: Ball
1-0: Called Strike
1-1: Ball
2-1: Foul Ball, location: 2F
2-2: Foul Ball, location: 2F
2-2: Strikes out looking
Batting: LHB Bayesa Mundhir 0-0: Ground out U3 (Groundball, 3, EV 83.1 MPH)
Top of the 1st over - 0 runs, 0 hits, 0 errors, 0 left on base; Columbia 0 - Reading 0
BOTTOM OF THE 1ST
Reading Fightin Phils batting - Pitching for Columbia Fireflies : RHP Richard Pye
Pitching: RHP Richard Pye
Batting: RHB Steve Jones 0-0: Called Strike
0-1: Foul Ball, location: 2F
0-2: Ball
1-2: Foul Ball, location: 2F
1-2: Foul Ball, location: 2F
1-2: Ground out 4-3 (Groundball, 4, EV 86.9 MPH)
Batting: RHB Chris Myers 0-0: Foul Ball, location: 2F
0-1: Ball
1-1: Fly out, F9 (Flyball, 89M, EV 88.1 MPH)
Batting: RHB Alan Weller 0-0: Fly out, F1 (Line Drive, P, EV 71.2 MPH)
Bottom of the 1st over - 0 runs, 0 hits, 0 errors, 0 left on base; Columbia 0 - Reading 0
TOP OF THE 2ND
Columbia Fireflies batting - Pitching for Reading Fightin Phils : LHP Eddie San Miguel
Batting: SHB Justin Wallace 0-0: Fly out, F8 (Flyball, 8RD, EV 75.0 MPH)
Batting: LHB Tony Leyba 0-0: Ball
1-0: Ball
2-0: Called Strike
2-1: Ground out 3-1 (Groundball, 13, EV 82.5 MPH)
Batting: RHB Artyom Shavkunov 0-0: Swinging Strike
0-1: Ball
1-1: Ball
2-1: Foul Ball, location: 2F
2-2: Foul Ball, location: 2F
2-2: Ground out 6-3 (Groundball, 6, EV 83.1 MPH)
Top of the 2nd over - 0 runs, 0 hits, 0 errors, 0 left on base; Columbia 0 - Reading 0
BOTTOM OF THE 2ND
Reading Fightin Phils batting - Pitching for Columbia Fireflies : RHP Richard Pye
Batting: RHB Zach Downs 0-0: Called Strike
0-1: Ball
1-1: Ball
2-1: Ball
3-1: Foul Ball, location: 2F
3-2: Fly out, F8 (Flyball, 8LD, EV 90.0 MPH)
Batting: LHB Danny Zuniga 0-0: Ball
1-0: Ball
2-0: Ground out 6-3 (Groundball, 6, EV 85.6 MPH)
Batting: RHB Matt McDevitt 0-0: Called Strike
0-1: Foul Ball, location: 2F
0-2: SINGLE (Line Drive, 3D, EV 103.1 MPH)
Batting: LHB Rich Kuehne 0-0: Foul Ball, location: 2F
0-1: DOUBLE (Flyball, 8LXD, EV 96.2 MPH)
Matt McDevitt to third
Batting: RHB Frank Ramirez 0-0: Ball
1-0: Fly out, F9 (Flyball, 89S, EV 93.1 MPH)
Bottom of the 2nd over - 0 runs, 2 hits, 0 errors, 2 left on base; Columbia 0 - Reading 0
TOP OF THE 3RD
Columbia Fireflies batting - Pitching for Reading Fightin Phils : LHP Eddie San Miguel
Batting: RHB Dan Muse 0-0: Ball
1-0: Swinging Strike
1-1: Called Strike
1-2: Foul Ball, location: 2F
1-2: Ball
2-2: Ball
3-2: Foul Ball, location: 2F
3-2: Foul Ball, location: 2F
3-2: Strikes out looking
Batting: RHB Jake Geib 0-0: Ball
1-0: Ground out 2-3 (Groundball, 2R, EV 68.1 MPH)
Batting: RHB Frank Shaw 0-0: Ball
1-0: Called Strike
1-1: Ground out 4-3 (Groundball, 4MD, EV 82.5 MPH)
Top of the 3rd over - 0 runs, 0 hits, 0 errors, 0 left on base; Columbia 0 - Reading 0
BOTTOM OF THE 3RD
Reading Fightin Phils batting - Pitching for Columbia Fireflies : RHP Richard Pye
Batting: RHB Allen Deschamps 0-0: Foul Ball, location: 2F
0-1: Ground out 5-3 (Groundball, 15, EV 75.6 MPH)
Batting: RHB Steve Jones 0-0: Called Strike
0-1: Ball
1-1: Swinging Strike
1-2: Ball
2-2: Foul Ball, location: 2F
2-2: Foul Ball, location: 2F
2-2: Strikes out swinging
Batting: RHB Chris Myers 0-0: Ball
1-0: Called Strike
1-1: Foul Ball, location: 2F
1-2: Strikes out looking
Bottom of the 3rd over - 0 runs, 0 hits, 0 errors, 0 left on base; Columbia 0 - Reading 0
TOP OF THE 4TH
Columbia Fireflies batting - Pitching for Reading Fightin Phils : LHP Eddie San Miguel
Batting: RHB Zhao-ying Joe 0-0: Foul Ball, location: 2F
0-1: Foul Ball, location: 2F
0-2: Foul Ball, location: 2F
0-2: Ball
1-2: Strikes out swinging passed ball, reaches first!
Batting: SHB Callum Lynch 0-0: Called Strike
0-1: Ball
1-1: Ball
Zhao-ying Joe steals 2nd base (no throw)
2-1: Fly out, F7 (Flyball, 7LSF, EV 89.4 MPH)
Batting: LHB Bayesa Mundhir 0-0: Ball
1-0: Ball
Zhao-ying Joe steals 3rd base
2-0: Called Strike
2-1: Ball
3-1: Called Strike
3-2: Foul Ball, location: 2F
3-2: Strikes out swinging
Batting: SHB Justin Wallace 0-0: Ground out 5-3 (Groundball, 5, EV 85.0 MPH)
Top of the 4th over - 0 runs, 0 hits, 0 errors, 1 left on base; Columbia 0 - Reading 0
BOTTOM OF THE 4TH
Reading Fightin Phils batting - Pitching for Columbia Fireflies : RHP Richard Pye
Batting: RHB Alan Weller 0-0: Called Strike
0-1: Ground out 1-3 (Groundball, 13S, EV 73.8 MPH)
Batting: RHB Zach Downs 0-0: Foul Ball, location: 2F
0-1: Called Strike
0-2: SINGLE (Flyball, 34D, EV 96.2 MPH)
Pitching: RHP Andy Reinhardt
Batting: LHB Danny Zuniga 0-0: Ball
1-0: Ball
2-0: Ball
3-0: Called Strike
3-1: Foul Ball, location: 2F
3-2: Foul Ball, location: 2F
3-2: Base on Balls
Zach Downs to second
Batting: RHB Matt McDevitt 0-0: Ball
1-0: Called Strike
1-1: Ball
2-1: SINGLE (Groundball, 25, EV 66.9 MPH) (infield hit)
Zach Downs to third
Danny Zuniga to second
Batting: LHB Rich Kuehne 0-0: Ball
1-0: DOUBLE (Line Drive, 7LD, EV 113.1 MPH)
Zach Downs scores
Danny Zuniga scores
Matt McDevitt to third
Batting: RHB Frank Ramirez 0-0: Ball
1-0: Ball
2-0: DOUBLE (Line Drive, 7D, EV 97.5 MPH)
Matt McDevitt scores
Rich Kuehne scores
Pitching: LHP Mike Capers
Batting: RHB Allen Deschamps 0-0: Ball
1-0: Called Strike
1-1: Ground out 4-3 (Groundball, 4, EV 88.8 MPH)
Frank Ramirez to third
Batting: RHB Steve Jones 0-0: Called Strike
0-1: Ball
1-1: Ball
2-1: Called Strike
2-2: Foul Ball, location: 2F
2-2: Foul Ball, location: 2F
2-2: Foul Ball, location: 2F
2-2: Ground out 5-3 (Groundball, 5, EV 105.0 MPH)
Bottom of the 4th over - 4 runs, 4 hits, 0 errors, 1 left on base; Columbia 0 - Reading 4
TOP OF THE 5TH
Columbia Fireflies batting - Pitching for Reading Fightin Phils : LHP Eddie San Miguel
Batting: LHB Tony Leyba 0-0: Ball
1-0: Ground out 4-3 (Groundball, 4, EV 106.2 MPH)
Batting: RHB Artyom Shavkunov 0-0: Called Strike
0-1: Ball
1-1: SINGLE (Groundball, 3D, EV 98.1 MPH)
Batting: RHB Dan Muse 0-0: Ball
1-0: Ball
2-0: Called Strike
2-1: Ball
3-1: Foul Ball, location: 2F
3-2: Fly out, F7 (Flyball, 78S, EV 86.9 MPH)
Batting: RHB Jake Geib 0-0: Ball
1-0: TRIPLE (Flyball, 78XD, EV 96.2 MPH)
Artyom Shavkunov scores
Batting: RHB Frank Shaw 0-0: 2-RUN HOME RUN (Flyball, 78XD, EV 111.2 MPH), Distance : 419 ft
Batting: RHB Zhao-ying Joe 0-0: Ball
1-0: Ball
2-0: TRIPLE (Flyball, 78XD, EV 114.4 MPH)
Batting: SHB Callum Lynch 0-0: Called Strike
0-1: Ball
1-1: Ball
2-1: Swinging Strike
2-2: Ground out 6-3 (Groundball, 6M, EV 82.5 MPH)
Top of the 5th over - 3 runs, 4 hits, 0 errors, 1 left on base; Columbia 3 - Reading 4
BOTTOM OF THE 5TH
Reading Fightin Phils batting - Pitching for Columbia Fireflies : LHP Mike Capers
Batting: RHB Chris Myers 0-0: SINGLE (Groundball, 6D, EV 109.4 MPH)
Batting: RHB Alan Weller 0-0: Ball
Chris Myers steals 2nd base (no throw)
1-0: Swinging Strike
1-1: Called Strike
1-2: Foul Ball, location: 2F
1-2: Ball
2-2: Strikes out swinging
Batting: RHB Zach Downs 0-0: Called Strike
Chris Myers steals 3rd base
0-1: Called Strike
0-2: Ball
1-2: Foul Ball, location: 2F
1-2: Ground out 4-3 (Groundball, 4, EV 98.8 MPH)
Batting: LHB Danny Zuniga 0-0: Ball
1-0: Foul Ball, location: 2F
1-1: Called Strike
1-2: Foul Ball, location: 2F
1-2: Foul Ball, location: 2F
1-2: DOUBLE (Groundball, 3D, EV 105.6 MPH)
Chris Myers scores
Batting: RHB Matt McDevitt 0-0: Ball
1-0: Called Strike
1-1: Ball
2-1: Swinging Strike
2-2: Ball
3-2: Base on Balls
Batting: LHB Rich Kuehne 0-0: Called Strike
0-1: Ball
1-1: Ball
2-1: Ball
3-1: Fielders Choice at 2nd, 6-4 (Groundball, 6, EV 103.1 MPH)
Bottom of the 5th over - 1 run, 2 hits, 0 errors, 2 left on base; Columbia 3 - Reading 5
TOP OF THE 6TH
Columbia Fireflies batting - Pitching for Reading Fightin Phils : LHP Eddie San Miguel
Batting: LHB Bayesa Mundhir 0-0: Called Strike
0-1: Ground out U3 (Groundball, 34, EV 80.0 MPH)
Batting: SHB Justin Wallace 0-0: Foul Ball, location: 2F
0-1: Foul Ball, location: 2F
0-2: Ball
1-2: Ball
2-2: Ball
3-2: Ground out 6-3 (Groundball, 6, EV 96.9 MPH)
Batting: LHB Tony Leyba 0-0: Called Strike
0-1: Fly out, F7 (Flyball, 7, EV 80.0 MPH)
Top of the 6th over - 0 runs, 0 hits, 0 errors, 0 left on base; Columbia 3 - Reading 5
BOTTOM OF THE 6TH
Reading Fightin Phils batting - Pitching for Columbia Fireflies : LHP Mike Capers
Batting: RHB Frank Ramirez 0-0: SINGLE (Flyball, 78M, EV 85.6 MPH)
Batting: RHB Allen Deschamps 0-0: Ball
1-0: Ball
2-0: Ball
3-0: Base on Balls
Frank Ramirez to second
Batting: RHB Steve Jones 0-0: Ball
Wild Pitch!
Frank Ramirez to third
Allen Deschamps to second
1-0: Foul Ball, location: 2F
1-1: Foul Ball, location: 2F
1-2: Foul Ball, location: 2F
1-2: Foul Ball, location: 2F
1-2: Strikes out swinging
Pitching: RHP Alastair Henry
Batting: RHB Chris Myers 0-0: Called Strike
0-1: Ball
1-1: Foul Ball, location: 2F
1-2: Ball
2-2: DOUBLE (Flyball, 89D, EV 91.2 MPH)
Frank Ramirez scores
Allen Deschamps scores
Batting: RHB Alan Weller 0-0: Swinging Strike
0-1: Ball
1-1: Foul Ball, location: 2F
1-2: Strikes out swinging, 2-3 out at first.
Batting: RHB Zach Downs 0-0: Called Strike
0-1: Foul Ball, location: 2F
0-2: Ball
1-2: Ball
2-2: Fly out, F7 (Flyball, 7, EV 90.6 MPH)
Bottom of the 6th over - 2 runs, 2 hits, 0 errors, 1 left on base; Columbia 3 - Reading 7
TOP OF THE 7TH
Columbia Fireflies batting - Pitching for Reading Fightin Phils : LHP Eddie San Miguel
Batting: RHB Artyom Shavkunov 0-0: Foul Ball, location: 2F
0-1: SINGLE (Groundball, 4, EV 96.2 MPH)
Pitching: RHP Rome Corona
Batting: RHB Dan Muse 0-0: Ball
1-0: Sac Bunt to 13 - play at first, batter OUT! 1-3
Artyom Shavkunov to second
Batting: RHB Jake Geib 0-0: Ball
1-0: Ground out 5-3 (Groundball, 56D, EV 85.6 MPH)
Batting: RHB Frank Shaw 0-0: Fly out, F4 (Popup, 34S, EV 88.1 MPH)
Top of the 7th over - 0 runs, 1 hit, 0 errors, 1 left on base; Columbia 3 - Reading 7
BOTTOM OF THE 7TH
Reading Fightin Phils batting - Pitching for Columbia Fireflies : RHP Alastair Henry
Batting: LHB Danny Zuniga 0-0: Ball
1-0: Foul Ball, location: 2F
1-1: Foul Ball, location: 2F
1-2: Strikes out swinging
Batting: RHB Matt McDevitt 0-0: Ball
1-0: Foul Ball, location: 2F
1-1: Called Strike
1-2: Ball
2-2: DOUBLE (Groundball, 3L, EV 105.0 MPH)
Batting: LHB Rich Kuehne 0-0: Ball
1-0: Ball
2-0: Ground out 4-3 (Groundball, 4, EV 90.0 MPH)
Matt McDevitt to third
Batting: RHB Frank Ramirez 0-0: Ball
1-0: Ball
2-0: Called Strike
2-1: Foul Ball, location: 2F
2-2: Ground out 5-3 (Groundball, 56S, EV 90.0 MPH)
Bottom of the 7th over - 0 runs, 1 hit, 0 errors, 1 left on base; Columbia 3 - Reading 7
TOP OF THE 8TH
Columbia Fireflies batting - Pitching for Reading Fightin Phils : RHP Rome Corona
Batting: RHB Zhao-ying Joe 0-0: Ball
1-0: Called Strike
1-1: Ball
2-1: SINGLE (Line Drive, 7LS, EV 102.5 MPH)
Batting: SHB Callum Lynch 0-0: Ball
1-0: Foul Ball, location: 2F
1-1: Swinging Strike
1-2: Fielders Choice at 2nd, 5-4 (Groundball, 56, EV 83.8 MPH)
Batting: LHB Bayesa Mundhir 0-0: Called Strike
0-1: Ball
1-1: Ball
2-1: Called Strike
2-2: Strikes out swinging
Batting: SHB Justin Wallace 0-0: Ball
1-0: Ball
2-0: Ground out 4-3 (Groundball, 4, EV 80.6 MPH)
Top of the 8th over - 0 runs, 1 hit, 0 errors, 1 left on base; Columbia 3 - Reading 7
BOTTOM OF THE 8TH
Reading Fightin Phils batting - Pitching for Columbia Fireflies : RHP Alastair Henry
Pitching: RHP Justin Overlie
Batting: RHB Allen Deschamps 0-0: Called Strike
0-1: Swinging Strike
0-2: DOUBLE (Flyball, 8LD, EV 90.6 MPH)
Batting: RHB Steve Jones 0-0: Hit by Pitch
Batting: RHB Chris Myers 0-0: Sac Bunt to 5S - play at first, batter OUT! 5-3
Allen Deschamps to third
Steve Jones to second
Batting: RHB Alan Weller 0-0: Ball
1-0: Foul Ball, location: 2F
1-1: Foul Ball, location: 2F
1-2: Ball
2-2: Ball
3-2: Foul Ball, location: 2F
3-2: SINGLE (Groundball, 56D, EV 100.0 MPH) (infield hit)
Allen Deschamps scores
Steve Jones to third
Batting: RHB Zach Downs 0-0: Fielders Choice at 2nd, 4-6 (Groundball, 4, EV 88.1 MPH)
Steve Jones scores
Batting: LHB Danny Zuniga 0-0: Swinging Strike
0-1: DOUBLE (Line Drive, 7LM, EV 100.6 MPH)
Zach Downs to third
Runner from 3rd tries for Home, SAFE, no throw by LF
Batting: RHB Matt McDevitt 0-0: Ball
1-0: Swinging Strike
1-1: Called Strike
1-2: SINGLE (Groundball, 34D, EV 108.8 MPH)
Danny Zuniga to third
Batting: LHB Rich Kuehne 0-0: Ball
1-0: Called Strike
1-1: Swinging Strike
1-2: Ball
2-2: Fly out, F4 (Flyball, 4D, EV 90.6 MPH)
Bottom of the 8th over - 3 runs, 4 hits, 0 errors, 2 left on base; Columbia 3 - Reading 10
TOP OF THE 9TH
Columbia Fireflies batting - Pitching for Reading Fightin Phils : RHP Rome Corona
Pinch Hitting: RHB J.D. Brese 0-0: Ball
1-0: Hit by Pitch
Batting: SHB Jason Caruso 0-0: Foul Ball, location: 2F
0-1: Hit by Pitch
J.D. Brese to second
Batting: RHB Dan Muse 0-0: SINGLE (Groundball, 6MD, EV 103.8 MPH)
J.D. Brese to third
Jason Caruso to second
Batting: RHB Jake Geib 0-0: Swinging Strike
0-1: Foul Ball, location: 2F
0-2: Foul Ball, location: 2F
0-2: Foul Ball, location: 2F
0-2: Foul Ball, location: 2F
0-2: Strikes out looking
Pinch Hitting: LHB Mototsune Suzuki 0-0: Ball
1-0: Foul Ball, location: 2F
1-1: Ball
2-1: Grounds into double play, 4-6-3 (Groundball, 4, EV 103.1 MPH)
Top of the 9th over - 0 runs, 1 hit, 0 errors, 2 left on base; Columbia 3 - Reading 10
Tuesday, September 13th , 2022 - OOTP Baseball 23.7 Build 88